 Dungeon Crawl Stone Soup version 0.23.2-40-g277498a001 (webtiles) character file.

Game seed: 7228797734542223611

263 Laird the Spear-Bearer (level 6, 0/45 HPs)
             Began as a Merfolk Gladiator on Oct 6, 2019.
             Slain by an ooze (3 damage)
             ... on level 4 of the Dungeon.
             The game lasted 00:11:18 (3850 turns).

Laird the Spear-Bearer (Merfolk Gladiator)          Turns: 3850, Time: 00:11:18

Health: 0/45       AC:  4    Str: 14    XL:     6   Next: 19%
Magic:  6/6        EV: 15    Int:  8    God:
Gold:   120        SH:  0    Dex: 17    Spells: 5/5 levels left

rFire    . . .     SeeInvis .   a - +0 trident
rCold    . . .     Gourm    .   (no shield)
rNeg     . . .     Faith    .   b - +0 leather armour
rPois    .         Spirit   .   c - +0 helmet
rElec    .         Reflect  .   (no cloak)
rCorr    .         Harm     .   (no gloves)
MR       .....                  (no boots)
Stlth    ++........             (no amulet)
HPRegen  0.15/turn              (no ring)
MPRegen  0.10/turn              (no ring)

@: lethally poisoned (0 -> -2)
A: change form in water, swift swim, stealthy swim
a: no special abilities


You were on level 4 of the Dungeon.
You were not hungry.

You visited 1 branch of the dungeon, and saw 4 of its levels.

You collected 120 gold pieces.

Inventory:

Hand Weapons
 a - a +0 trident (weapon)
Missiles
 d - 4 throwing nets (quivered)
Armour
 b - a +0 leather armour (worn)
 c - a +0 helmet (worn)
Scrolls
 e - a scroll of amnesia {unknown}
 h - 3 scrolls of remove curse {unknown}
 j - 2 scrolls of teleportation {unknown}
 k - a scroll of enchant weapon {unknown}
 m - 3 scrolls of identify {unknown}
 n - a scroll of noise {unknown}
 o - a scroll of random uselessness {unknown}
 q - 3 scrolls of fog {unknown}
 r - a scroll of immolation {unknown}
 u - 3 scrolls of magic mapping {unknown}
Potions
 g - 2 potions of ambrosia
 i - 4 potions of curing {unknown}
 l - a potion of lignification {unknown}
 p - a potion of degeneration {unknown}
 s - 2 potions of might {unknown}
 t - a potion of heal wounds {unknown}
Comestibles
 f - 5 rations


   Skills:
 - Level 2.3 Fighting
 * Level 8.7 Polearms
 - Level 2.0 Throwing
 + Level 5.0 Dodging
 - Level 1.4 Stealth


You had 5 spell levels left.
You didn't know any spells.
Your spell library was empty.

Dungeon Overview and Level Annotations

Branches:
Dungeon (4/15)
 Temple: D:4-7

Altars:
Wu Jian
The Shining One

Annotations:
D:3 3 runed translucent doors, hallab's ghost, amateur DrFi


Message History

You hit the jackal but do no damage. The jackal closely misses you.
The adder bites you but does no damage. The jackal barely misses you.
You barely miss the jackal. The jackal bites you.
The howler monkey closely misses you. The adder barely misses you.
The jackal bites you.
You hit the jackal but do no damage.
You feel sick. The jackal bites you. The jackal barely misses you.
The howler monkey hits you.
* * * LOW HITPOINT WARNING * * *
The adder bites you.
* * * LOW HITPOINT WARNING * * *
The jackal misses you.
You puncture the jackal!
You kill the jackal!
The jackal barely misses you. The adder barely misses you.
The howler monkey hits you!
* * * LOW HITPOINT WARNING * * *
You barely miss the ooze. The jackal misses you.
The adder bites you but does no damage. The howler monkey closely misses you.
The ooze hits you.
You die...

#.. ## #..>. .######
#.... ...#.. #......
##.....
#.....###.#..####
#....##...#......
#................
++#####.......#...#...
.........#..###h@##
..)......##..#.SJh.....#
......................##
......................#
.........####.........#
......#### ###......%.#
<......# #.........
.#####...# .......... .#
.... ..


You could see a howler monkey, an ooze, an adder and a jackal.

Vanquished Creatures
  3 orc wizards
  A worker ant (D:4)
  4 adders
  2 oozes
  An adder skeleton (D:4)
  2 worms
  3 dart slugs
  3 leopard geckos
  9 orcs
  8 bats
  3 giant cockroaches (D:3)
  6 goblins
  9 hobgoblins
  3 jackals (D:4)
  A quokka (D:3)
  3 ball pythons
  7 frilled lizards
  5 kobolds
  13 rats
86 creatures vanquished.

Notes
Turn   | Place    | Note
-------+----------+-------------------------------------------
     0 | D:1      | Laird the Merfolk Gladiator began the quest for the Orb.
     0 | D:1      | Reached XP level 1. HP: 16/16 MP: 1/1
   148 | D:1      | Reached XP level 2. HP: 21/22 MP: 2/2
   238 | D:1      | Reached skill level 5 in Polearms
   363 | D:1      | Reached XP level 3. HP: 27/28 MP: 3/3
   881 | D:2      | Found a glowing golden altar of the Shining One.
  1305 | D:2      | Reached skill level 6 in Polearms
  1790 | D:3      | Reached XP level 4. HP: 34/34 MP: 4/4
  1806 | D:3      | Found a runed translucent gate.
  1806 | D:3      | Found a runed translucent gate.
  1806 | D:3      | Found a runed translucent gate.
  1807 | D:3      | Noticed hallab's ghost (amateur DrFi)
  2003 | D:3      | Found an ornate altar of the Wu Jian Council.
  2388 | D:3      | Reached skill level 7 in Polearms
  2388 | D:3      | Reached XP level 5. HP: 22/39 MP: 5/5
  2436 | D:2      | Reached skill level 1 in Stealth
  3396 | D:4      | Reached skill level 8 in Polearms
  3797 | D:4      | Reached skill level 5 in Dodging
  3797 | D:4      | Reached XP level 6. HP: 43/45 MP: 6/6
  3849 | D:4      | HP: 2/45 [howler monkey (7)]
  3850 | D:4      | Slain by an ooze

Skill      XL: |  1  2  3  4  5 |
---------------+----------------+-----
Polearms       | 5 6 7 8 |  8.7
Stealth        | 1 |  1.4
Dodging        | 5 |  5.0
Fighting       | |  2.3
Throwing       | |  2.0

Action                   |  1- 3 |  4- 6 || total
-------------------------+-------+-------++-------
Melee: Trident           |   131 |   181 ||   312
  Use: Potion            |       |     1 ||     1
 Stab: Sleeping          |     3 |     2 ||     5
  Eat: Ration            |     1 |     2 ||     3
       Chunk             |       |     1 ||     1
Armor: Leather armour    |    22 |    52 ||    74
Dodge: Dodged            |    71 |   135 ||   206
